 Dungeon Crawl Stone Soup version 0.29.1-1-gd02db6906a (webtiles) character file.

Game seed: 10340718188939215706

15619 Ashen the Frost Mage (level 12, 89/89 HPs)
             Began as a Demonspawn Ice Elementalist on Oct 11, 2022.
             Was a Priest of Vehumet.
             Got out of the dungeon alive.
             The game lasted 00:44:00 (14120 turns).

Ashen the Frost Mage (Demonspawn Ice Elementalist) Turns: 14120, Time: 00:44:00

Health: 89/89      AC:  9    Str:  8    XL:     12   Next: 2%
Magic:  31/31      EV: 18    Int: 28    God:    Vehumet [***...]
Gold:   1070       SH:  0    Dex: 18    Spells: 13/29 levels left

rFire   . . .      SeeInvis .   o - +6 Majin-Bo {vamp, MP+6 Int+6}
rCold   + . .      Faith    .   (shield currently unavailable)
rNeg    . . .      Spirit   .   I - +0 troll leather armour
rPois   .          Reflect  .   (helmet restricted)
rElec   .          Harm     .   u - +1 cloak of the Doldrums {rCorr}
rCorr   +          Rampage  .   M - +0 pair of gloves
Will    .....                   C - +1 pair of boots "Vixkay" {rC+ Dex+4}
Stlth   +++.......              K - amulet of magic regeneration
HPRegen 1.04/turn               (no ring)
MPRegen 0.62/turn               (no ring)

@: no status effects
A: horns 1, repulsion field 2, foul stench 1, powered by death 2
a: Renounce Religion


You escaped.
You worshipped Vehumet.
Vehumet was most pleased with you.
You visited 3 branches of the dungeon, and saw 14 of its levels.
You also visited: Sewer.

You collected 1070 gold pieces.

Inventory:

Hand Weapons
 a - a +0 broad axe of electrocution
 o - the +6 Majin-Bo (weapon) {vamp, MP+6 Int+6}
   (You acquired it on level 5 of the Dungeon)

   It heals its wielder for a portion of the damage dealt when they wound a
   living foe with it or with a spell.
   Its wielder's spells cost health as well as magical power.
   Int:       It affects your intelligence (+6).
   MP:        It affects your magic capacity (+6).
 s - a +5 dagger of venom
Armour
 u - the +1 cloak of the Doldrums (worn) {rCorr}
   (You found it on level 4 of the Dungeon)

   rCorr:     It protects you from acid and corrosion.
 C - the +1 pair of boots "Vixkay" (worn) {rC+ Dex+4}
   (You acquired it on level 2 of the Lair of Beasts)

   Dex:       It affects your dexterity (+4).
   rC:        It protects you from cold.
 I - a +0 troll leather armour (worn)
 M - a +0 pair of gloves (worn)
Jewellery
 J - an amulet of the acrobat
 K - an amulet of magic regeneration (around neck)
Wands
 p - a wand of acid (18)
 A - a wand of charming (8)
 B - a wand of iceblast (10)
Scrolls
 h - a scroll of magic mapping
 l - 8 scrolls of amnesia
 m - 6 scrolls of poison
 n - 2 scrolls of butterflies
 q - a scroll of summoning {unknown}
 v - 3 scrolls of fear {unknown}
 w - 6 scrolls of teleportation
 y - 2 scrolls of immolation {unknown}
 z - a scroll of vulnerability
 D - a scroll of silence {unknown}
 E - a scroll of blinking
 L - a scroll of brand weapon
Potions
 b - 3 potions of flight
 d - 6 potions of curing
 e - 5 potions of brilliance
 f - 3 potions of might
 g - 3 potions of berserk rage
 i - 2 potions of mutation
 j - a potion of ambrosia
 k - 4 potions of attraction
 r - 6 potions of heal wounds
 t - a potion of resistance
 x - a potion of magic
 F - a potion of cancellation
 G - 2 potions of lignification {unknown}
Miscellaneous
 c - a box of beasts (inert)


   Skills:
 + Level 6.7 Fighting
 + Level 6.4 Dodging
 - Level 5.0 Stealth
 * Level 9.1 Spellcasting
 * Level 8.7 Conjurations
 * Level 9.6 Ice Magic
 + Level 3.5 Air Magic


You had 13 spell levels left.
You knew the following spells:

 Your Spells              Type           Power      Damage    Failure   Level
a - Freeze                Ice            100%       1d11      1%          1
b - Frozen Ramparts       Ice            100%       1d16      1%          3
c - Ozocubu's Armour      Ice            61%        N/A       1%          3
d - Hailstorm             Conj/Ice       59%        3d13      1%          4
e - Freezing Cloud        Conj/Ice/Air   26%        6-21      2%          5

Your spell library contained the following spells:

 Spells                   Type           Power      Damage    Failure   Level
 Iskenderun's Mystic Bla  Conj/Tloc      37%        2d9       3%          4
 Magic Dart               Conj           100%       1d8       1%          1
 Shock                    Conj/Air       100%       1d9       1%          1
 Searing Ray              Conj           100%       2d8       1%          2
 Mephitic Cloud           Conj/Pois/Air  35%        N/A       1%          3
 Fulminant Prism          Conj/Hex       18%        3d11      3%          4
 Swiftness                Air            32%        N/A       4%          3
 Airstrike                Air            16%        2d(3-19)  4%          4
 Ignite Poison            Fire/Tmut/Pois 12%        N/A       5%          3
 Apportation              Tloc           24%        N/A       6%          1
 Necrotise                Necr           48%        1d6       6%          1
 Summon Small Mammal      Summ           48%        N/A       6%          1
 Ice Form                 Ice/Tmut       39%        N/A       9%          4
 Call Canine Familiar     Summ           12%        N/A       19%         3
 Gell's Gravitas          Tloc           12%        N/A       19%         3
 Lesser Beckoning         Tloc           12%        N/A       19%         3
 Portal Projectile        Hex/Tloc       24%        N/A       19%         3
 Teleport Other           Tloc           12%        N/A       19%         3
 Animate Dead             Necr           12%        N/A       54%         4
 Leda's Liquefaction      Hex/Erth       6%         N/A       54%         4
 Borgnjor's Vile Clutch   Necr/Erth      6%         N/A       87%         5
 Death Channel            Necr           6%         N/A       100%        6


Dungeon Overview and Level Annotations

Branches:
Dungeon (11/15)            Temple (1/1) D:7            Lair (2/5) D:9
  Snake (0/4) Lair:2        Sewer (visited)
  Swamp: Lair:2-3    Shoals: Lair:2-3       Orc: D:9-12

Altars:
Ashenzari
Cheibriados
Dithmenos
Fedhas
Gozag
Hepliaklqana
Kikubaaqudgha
Makhleb
Nemelex Xobeh
Okawaru
Ru
Sif Muna
Trog
Uskayaw
Vehumet
Wu Jian
Xom
Yredelemnul

Shops:
D:5 (

Annotations:
D:4 2 runed translucent doors, exclusion: ogre, vianneychevalier's ghost, amateur MiFi
D:10 exclusion: two-headed ogre


Innate Abilities, Weirdness & Mutations

You have a pair of small horns on your head.
You are surrounded by a moderate repulsion field. (EV +3)
You may rarely emit foul miasma when damaged in melee.
You regenerate health from kills.


Message History

There is a stone staircase leading down here.
There is a staircase back to the Dungeon here.
You climb upwards.
Welcome back to the Dungeon!
There is a staircase to the Lair here.
You enter the shallow water.
Moving in this stuff is going to be slow.
There is an escape hatch in the floor here.
Items here: )) [[.
There is a stone staircase leading up here.
You climb upwards.
There is a stone staircase leading down here.
There is a stone staircase leading up here.
You climb upwards.
There is a stone staircase leading down here.
There is a stone staircase leading up here.
You climb upwards.
There is a stone staircase leading down here.
There is a stone staircase leading up here.
You climb upwards.
There is a stone staircase leading down here.
There is a stone staircase leading up here.
You climb upwards.
Level annotation: 2 runed translucent doors, exclusion: ogre, vianneychevalier's ghost, amateur MiFi
There is a stone staircase leading down here.
There is a stone staircase leading up here.
You climb upwards.
There is a stone staircase leading down here.
There is a stone staircase leading up here.
You climb upwards.
There is a stone staircase leading down here.
There is a stone staircase leading up here.
You climb upwards.
There is a stone staircase leading down here.
You open the lid... ...and a larval stingfire beast leaps out!
The box is emptied!
Your larval stingfire beast disappears in a puff of smoke!
There is a staircase leading out of the dungeon here.
Are you sure you want to leave the Dungeon?
This will make you lose the game!
You have escaped!

##....##
#.....#
##....##
##..#.#
#...#.#
##...###
#.....#
##.#..##
#>#.##@#
########


There were no monsters in sight!

Vanquished Creatures
  A two-headed ogre (D:10)
  Lodul (D:10)
  3 black mambas (Lair:2)
  3 elephants (Lair:2)
  3 komodo dragons
  2 trolls
  A wraith (D:9)
  28 yaks
  A wyvern (D:9)
  8 water moccasins
  4 sky beasts
  6 black bears (Lair:1)
  6 orc warriors
  3 ice beasts
  8 ogres
  A wolf (D:9)
  3 centaurs
  A phantom (D:5)
  Blork the orc (D:5)
  4 kobold brigands
  A necrophage (D:6)
  10 bullfrogs
  2 scorpions
  13 wights
  4 killer bees (D:10)
  2 electric eels (D:9)
  2 howler monkeys
  5 orc priests
  A jelly (D:6)
  A gnoll bouda (D:6)
  8 hounds
  7 iguanas
  7 orc wizards
  3 gnolls (D:6)
  11 adders
  8 river rats (Sewer)
  An ufetubus (D:6)
  A worm (D:2)
  4 dart slugs
  32 orcs
  19 ball pythons
  11 endoplasms
  3 giant cockroaches
  18 goblins
  14 hobgoblins
  8 jackals
  8 quokkas
  5 bats
  12 frilled lizards
  25 kobolds
  22 rats
356 creatures vanquished.

Vanquished Creatures (others)
  A wizard (D:8)
  An orc wizard (D:9)
  2 fungi (Lair:2)
  20 plants
24 creatures vanquished.

Grand Total: 380 creatures vanquished

Notes
Turn   | Place    | Note
-------+----------+-------------------------------------------
     0 | D:1      | Ashen the Demonspawn Ice Elementalist began the quest for
                  | the Orb.
     0 | D:1      | Reached XP level 1. HP: 13/13 MP: 3/3
    77 | D:1      | Found a faded altar of an unknown god.
   309 | D:1      | Gained mutation: You are surrounded by a mild repulsion
                  | field. (EV +2) [demonic ancestry]
   309 | D:1      | Reached XP level 2. HP: 13/19 MP: 1/5
  1100 | D:2      | Reached XP level 3. HP: 25/25 MP: 4/6
  1140 | D:2      | Learned a level 3 spell: Frozen Ramparts
  1144 | D:2      | Learned a level 3 spell: Ozocubu's Armour
  1590 | D:2      | Reached skill level 1 in Fighting
  1736 | D:2      | Found a hide-covered altar of Uskayaw.
  2083 | D:2      | Gained mutation: You have a pair of small horns on your
                  | head. [demonic ancestry]
  2083 | D:2      | Reached XP level 4. HP: 32/32 MP: 6/8
  3909 | D:4      | Found a large runed translucent door.
  3909 | D:4      | Found a large runed translucent door.
  3916 | D:4      | Gained mutation: You regenerate a little health from kills.
                  | [demonic ancestry]
  3916 | D:4      | Reached XP level 5. HP: 35/37 MP: 5/9
  3986 | D:4      | Noticed vianneychevalier's ghost (amateur MiFi)
  4131 | D:4      | Noticed an ogre
  4196 | D:4      | Identified the +1 cloak of the Doldrums {rCorr}
  4515 | D:4      | Found a shimmering altar of Xom.
  4529 | D:4      | Found a hide-covered altar of Uskayaw.
  4529 | D:4      | Found a sparkling altar of Nemelex Xobeh.
  4536 | D:4      | Found an ancient bone altar of Kikubaaqudgha.
  4866 | D:5      | Entered Level 5 of the Dungeon
  4872 | D:5      | Identified a scroll of acquirement
  4872 | D:5      | Acquired the +6 Majin-Bo {vamp, MP+6 Int+6}
  4872 | D:5      | Found the +6 Majin-Bo {vamp, MP+6 Int+6}
  4961 | D:5      | Noticed a yak
  4961 | D:5      | Noticed a centaur
  4963 | D:5      | Noticed an ogre
  4970 | D:4      | Killed a centaur
  4971 | D:4      | Gained mutation: You are surrounded by a moderate repulsion
                  | field. (EV +3) [demonic ancestry]
  4971 | D:4      | Reached XP level 6. HP: 21/44 MP: 4/11
  5191 | D:5      | Reached skill level 5 in Ice Magic
  5215 | D:5      | Noticed Blork the orc
  5226 | D:5      | Killed Blork the orc
  5227 | D:5      | Gained mutation: You regenerate health from kills. [demonic
                  | ancestry]
  5227 | D:5      | Reached XP level 7. HP: 36/51 MP: 5/13
  5319 | D:5      | Found a glowing drain.
  5337 | Sewer    | Entered a sewer
  5343 | Sewer    | Learned a level 4 spell: Hailstorm
  5654 | Sewer    | Reached skill level 1 in Conjurations
  5766 | D:5      | Killed a yak
  5767 | D:5      | Reached XP level 8. HP: 58/58 MP: 10/15
  6004 | D:5      | Found Kubleph's Antique Weapon Shoppe.
  6009 | D:5      | Got the Compilation of Congealing Imprecation
  6554 | D:6      | Reached skill level 5 in Spellcasting
  7319 | D:6      | Reached XP level 9. HP: 61/65 MP: 17/17
  7732 | D:7      | Found a sacrificial altar of Ru.
  7885 | D:7      | Found a staircase to the Ecumenical Temple.
  7975 | Temple   | Entered the Ecumenical Temple
  8035 | Temple   | Became a worshipper of Vehumet
  9029 | D:8      | Noticed a komodo dragon
  9038 | D:8      | Killed a komodo dragon
  9039 | D:8      | Reached skill level 5 in Conjurations
  9266 | D:8      | Reached skill level 5 in Stealth
  9396 | D:8      | Found a snail-covered altar of Cheibriados.
  9669 | D:8      | Found a broken altar of Ashenzari.
  9904 | D:8      | Found a bloodstained altar of Trog.
  9908 | D:8      | Noticed a wizard
  9913 | D:8      | Killed a wizard
 10130 | D:9      | Noticed a troll
 10142 | D:9      | Killed a troll
 10143 | D:9      | Reached XP level 10. HP: 18/73 MP: 13/20
 10322 | D:9      | Reached * piety under Vehumet
 10322 | D:9      | Offered knowledge of Foxfire by Vehumet.
 10344 | D:9      | Found a staircase to the Lair.
 10386 | D:9      | Reached skill level 5 in Fighting
 10584 | D:9      | Reached skill level 5 in Dodging
 10914 | D:9      | Found a shimmering blue altar of Sif Muna.
 11074 | D:9      | Offered knowledge of Poisonous Vapours by Vehumet.
 11081 | D:9      | Learned a level 5 spell: Freezing Cloud
 11325 | D:9      | Reached ** piety under Vehumet
 11334 | D:10     | Entered Level 10 of the Dungeon
 11467 | D:10     | Reached skill level 1 in Air Magic
 11507 | D:10     | Noticed a two-headed ogre
 11528 | D:10     | Noticed Lodul
 11646 | D:10     | Killed Lodul
 11650 | D:10     | Reached XP level 11. HP: 81/81 MP: 16/23
 11777 | D:10     | Killed a two-headed ogre
 11893 | D:10     | Noticed a two-headed ogre
 12423 | Lair:1   | Entered Level 1 of the Lair of Beasts
 12590 | Lair:1   | Offered knowledge of Static Discharge by Vehumet.
 12722 | Lair:1   | Reached *** piety under Vehumet
 13414 | Lair:2   | Found a staircase to the Snake Pit.
 13527 | Lair:2   | Offered knowledge of Iskenderun's Mystic Blast by Vehumet.
 13618 | Lair:2   | Gained mutation: You may rarely emit foul miasma when
                  | damaged in melee. [demonic ancestry]
 13618 | Lair:2   | Reached XP level 12. HP: 89/89 MP: 25/25
 13618 | Lair:2   | Acquired a +0 broad axe of electrocution
 13619 | Lair:2   | Acquired the +1 pair of boots "Vixkay" {rC+ Dex+4}
 14120 | D:$      | Got out of the dungeon alive.

Illustrated notes

Levels and vault maps discovered:
D:1:      minmay_arrival_jagged, layout_basic, ebering_ecumenical_altar_rust
D:2:      layout_basic, basic_altar
D:3:      kennysheep_the_goblin_king, layout_basic
D:4:      layout_loops_corners, nicolae_qazlal_eye_of_the_storm,
          nicolae_overflow_hallway_of_the_gods, ebering_ghost_disaster_area,
          serial_bayou, serial_bayou_shore_a, serial_bayou_ford_a,
          serial_bayou_pond_e, serial_bayou_lake_a
D:5:      layout_basic, portal_sewer_entry_f, serial_shops, shop,
          minmay_chambers_of_fives, uniq_blork_the_orc
D:6:      layout_basic, nrook_campfire, patterned_corridor
D:7:      layout_loops_corners, nicolae_ru_the_path_less_chosen,
          minmay_temple_entry_wispy
D:8:      layout_rooms, mainiacjoe_overflow_24_doors,
          mainiacjoe_overflow_alcove_2, kennysheep_slug_shrine, trog_wizard,
          serial_aquarium, aquarium_bridge_square [aquarium_subvault_bridge,
          aquarium_subvault_balcony, aquarium_subvault_wall,
          aquarium_subvault_bridge], aquarium_window_1,
          aquarium_window_corridor_3, aquarium_window_fake, aquarium_window_2,
          aquarium_view_2b, aquarium_view_2a, minivault_22, minmay_lizard_king
D:9:      layout_irregular_city, led_sif_book, erik_lair_island,
          dreamdust_princess_bridge
D:10:     layout_basic, uniq_lodul
D:11:     layout_cave_pods, nicolae_tso_carved_into_rock
Temple:   zaba_magenta_temple
Lair:1:   layout_gridlike, beast_lair_carwin_10
Lair:2:   layout_gridlike, minmay_snake_entry_six_corridors, lemuel_old_faithful

Skill      XL: |  1  2  3  4  5  6  7  8  9 10 11 |
---------------+----------------------------------+-----
Dodging        | 2 3 4 5 6 |  6.4
Stealth        | 2 3 4 5 |  5.0
Fighting       | 1 2 3 4 5 6 |  6.7
Ice Magic      | 4 5 6 7 8 9 |  9.6
Spellcasting   | 3 4 5 6 8 9 |  9.1
Conjurations   | 2 3 5 7 8 |  8.7
Air Magic      | 1 3 |  3.5

Action                   |  1- 3 |  4- 6 |  7- 9 | 10-12 || total
-------------------------+-------+-------+-------+-------++-------
Melee: Unarmed           |    35 |       |       |       ||    35
       Short sword       |    38 |     1 |       |       ||    39
       Punch             |     1 |     1 |       |       ||     2
       Dagger            |       |    94 |       |       ||    94
       Headbutt          |       |    21 |    23 |    34 ||    78
       Quarterstaff      |       |     8 |   153 |   139 ||   300
 Cast: Freeze            |    53 |    13 |    35 |    41 ||   142
       Frozen Ramparts   |     2 |    10 |    23 |    24 ||    59
       Ozocubu's Armour  |       |     3 |    19 |    28 ||    50
       Hailstorm         |       |       |    22 |    41 ||    63
       Freezing Cloud    |       |       |       |     5 ||     5
Evoke: Wand              |       |       |     1 |       ||     1
       Box of beasts     |       |       |       |     1 ||     1
  Use: Potion            |     1 |       |     2 |       ||     3
       Scroll            |       |    11 |     4 |    14 ||    29
 Stab: Sleeping          |     3 |     6 |     2 |       ||    11
Armor: Robe              |    33 |    27 |    47 |     1 ||   108
       Troll leather arm |       |       |       |    68 ||    68
Dodge: Dodged            |   108 |    75 |   221 |   215 ||   619
